 Dungeon Crawl Stone Soup version 0.30-a0-870-gc5d4c5acee (webtiles) character file.

Game seed: 96119910337101210

29 Esekla the Sneak (level 3, -6/26 HPs)
             Began as an Octopode Delver on Mar 12, 2023.
             Killed from afar by an orc wizard (9 damage)
             ... with a puff of flame
             ... on level 5 of the Dungeon.
             The game lasted 00:01:40 (97 turns).

Esekla the Sneak (Octopode Delver)                    Turns: 97, Time: 00:01:41

Health: -6/26      AC:  1    Str: 11    XL:     3   Next: 16%
Magic:  3/3        EV: 13    Int: 14    God:
Gold:   0          SH:  0    Dex: 13    Spells: 3/3 levels left

rFire   . . .      SeeInvis .    a - +0 falchion
rCold   . . .      Faith    .    (no shield)
rNeg    . . .      Spirit   .    (helmet restricted)
rPois   .          Reflect  .    (no amulet)
rElec   .          Rampage  .    (no ring)
rCorr   .                        (no ring)
Will    .....                    (no ring)
Stlth   ++++                     (no ring)
HPRegen 0.24/turn                (no ring)
MPRegen 0.08/turn                (no ring)
                                 (no ring)
                                 (no ring)

@: no status effects
A: almost no armour, amphibious, 8 rings, camouflage 1, gelatinous body 1,
(nimble swimmer 1), tentacles
a: no special abilities


You were on level 5 of the Dungeon.
You visited 1 branch of the dungeon, and saw 1 of its levels.

Inventory:

Hand Weapons
 a - a +0 falchion (weapon)
Wands
 f - a wand of digging (3)
Scrolls
 b - a scroll of fog
Potions
 e - a potion of haste


   Skills:
 * Level 3.2 Fighting
 * Level 2.3 Long Blades
 * Level 2.2 Dodging
 + Level 7.1 Stealth
 * Level 0.5 Spellcasting


You had 3 spell levels left.
You didn't know any spells.
Your spell library was empty.

Dungeon Overview and Level Annotations

Branches:
Dungeon (5/15)
 Temple: D:4-7

Altars:
Trog

Shops:
D:5 *

Portals:
Sewer: D:5


Innate Abilities, Weirdness & Mutations

You cannot wear most types of armour.
You are amphibious.
You can wear up to eight rings at the same time.
Your skin changes colour to match your surroundings (Stealth+).
Your rubbery body absorbs attacks. (AC +1, EV +1)
((You are camouflaged when in or above water. (Stealth+)))
You have tentacles for arms and can constrict up to eight enemies at once.


Message History

You can access your shopping list by pressing '$'.
The orc wizard shouts!
You hear a shout! x2
The orc completely misses you. The orc attacks as you move away!
The orc hits you with a +0 club. The orc attacks as you move away!
The orc hits you with a +0 club. The orc attacks as you move away!
The orc barely misses you.
You hit the orc. You grab the orc.
The orc is lightly wounded.
You constrict the orc.
The orc seems to regain its courage.
The iguana seems to regain its courage.
The orc barely misses you.
You hit the orc.
The orc is severely wounded.
You constrict the orc. The orc closely misses you.
You hit the orc.
You kill the orc!
You closely miss the orc. You grab the orc. You constrict the orc.
The orc hits you but does no damage.
You hit the orc.
You kill the orc!
The iguana bites you!
You hit the iguana. You grab the iguana. You squeeze the iguana!
The iguana is severely wounded.
You constrict the iguana, but do no damage.
The iguana barely misses you.
You hit the iguana.
You kill the iguana!
Something hits you but does no damage.
Your Stealth skill increases to level 7!
You have reached level 2!
You have reached level 3!
Your experience leads to an increase in your attributes!
Increase (S)trength, (I)ntelligence, or (D)exterity?
You feel clever. x2
Items here: )) ††.
A magic dart appears from out of thin air!
The magic dart hits you!
* * * LOW HITPOINT WARNING * * *
A puff of flame appears from out of thin air!
The puff of flame hits you!
You die...

####### #.)...# ##.###.#
########......#
**##########..@..{.....∩.#*****
*∩r~~...?....###.............o.
*~~~~..#####.##......##..#####.
*~~~~....?...###.........# *,
#~~r...#.....#*##..#.....# *,
#r~,...#.###.#.....####### *,
*..,,#.#.###...###..** *,
**#.,#.........#o#...* *,
*#.###.###.###o#**,* *,


There were no monsters in sight!

Vanquished Creatures
  An iguana (D:5)
  2 orcs (D:5)
3 creatures vanquished.

Notes
Turn   | Place    | Note
-------+----------+-------------------------------------------
     0 | D:5      | Esekla the Octopode Delver began the quest for the Orb.
     0 | D:5      | Reached XP level 1. HP: 16/16 MP: 1/1
     1 | D:5      | Found a bloodstained altar of Trog.
    16 | D:5      | Noticed an orc wizard
    57 | D:5      | Found a glowing drain.
    58 | D:5      | Noticed an orc wizard
    58 | D:5      | Noticed an orc wizard
    62 | D:5      | Noticed an orc wizard
    63 | D:5      | Noticed an orc wizard
    63 | D:5      | Noticed an orc wizard
    68 | D:5      | Noticed an orc wizard
    68 | D:5      | Noticed an iguana
    69 | D:5      | Found Pogi's Assorted Antiques.
    89 | D:5      | Killed an iguana
    90 | D:5      | Reached skill level 7 in Stealth
    90 | D:5      | Reached XP level 2. HP: 9/21 MP: 2/2
    90 | D:5      | Reached XP level 3. HP: 11/26 MP: 3/3
    91 | D:5      | HP: 1/26 [something/magic dart (10)]
    97 | D:5      | Killed from afar by an orc wizard

Illustrated notes

Levels and vault maps discovered:
D:5:      nicolae_cairo_tiling_very_big, layout_loops_corners,
          lemuel_doored_altar, portal_sewer_entry_b, serial_shops, shop,
          minmay_a_box_with_orc_wizards_in_it, uniq_ijyb

Skill      XL: |  1 |
---------------+----+-----
Stealth        | 7 |  7.1
Fighting       | |  3.2
Long Blades    | |  2.3
Dodging        | |  2.2
Spellcasting   | |  0.5

Action                     || total
---------------------------++-------
  Melee: Falchion          ||     7
         Constrict         ||     3
         Tentacles         ||     1
    Use: Scroll            ||     2
 Armour: Skin              ||     2
  Dodge: Dodged            ||     7

Table legend: (Time is in decaauts)
 A = Elapsed time spent in this place.
 B = Non-inter-level travel time spent in this place.
 C = Inter-level travel time spent in this place.
 D = Time resting spent in this place.
 E = Time spent auto-exploring this place.
 F = Levels seen in this place.
 G = Mean time per level.
                   A        B        C        D        E       F      G
               +--------+--------+--------+--------+--------+-----+--------+
         Total |     98 |     98 |      0 |      0 |      0 |   1 |   98.0 |
       Dungeon |     98 |     98 |      0 |      0 |      0 |   1 |   98.0 |
               +--------+--------+--------+--------+--------+-----+--------+

Top non-repeatable levels by time:
     D:5: 98 daAuts
